 Dungeon Crawl Stone Soup version 0.32-a0-834-geaf45d8e21 (webtiles) character file.

Game seed: 9643382647557339837

55 ytrimaz the Insei (level 3, -1/27 HPs)
             Began as a Demigod Shapeshifter on Mar 25, 2024.
             Slain by a quokka (5 damage)
             ... on level 2 of the Dungeon.
             The game lasted 00:01:59 (1031 turns).

ytrimaz the Insei (Demigod Shapeshifter)            Turns: 1031, Time: 00:01:59

Health: -1/27      AC:  2    Str: 15    XL:     3   Next: 45%
Magic:  14/14      EV: 12    Int: 12    God:
Gold:   40         SH:  0    Dex: 17    Spells: 2/2 levels left

rFire   . .          .
                       - Unarmed
rCold   . . .        (no shield)
rNeg    . . .        a - +0 animal skin
rPois   .            (helmet currently unavailable)
rElec   .            (cloak currently unavailable)
rCorr   .            (gloves currently unavailable)
SInv    .            (boots currently unavailable)
Will    .....        (no amulet)
Stlth   ++           e - ring of magical power
HPRegen 0.24/turn    (no ring)
MPRegen 0.14/turn

%: no passive effects
@: beast-form
A: beast (slay +1), high MP 1, forlorn, divine attributes
a: Begin Untransformation


You were on level 2 of the Dungeon.
You were a hulking beast.
You visited 1 branch of the dungeon, and saw 2 of its levels.

You collected 40 gold pieces.


Innate Abilities, Weirdness & Mutations

You are a hulking beast.
Your limbs bulge with bestial killing power. (Slay +1)
You have an increased reservoir of magic. (+10% MP)
You shall have no god before yourself.
Your divine heritage dramatically boosts your attributes as you level up.


   Skills:
 - Level 0.8 Fighting
 + Level 2.6 Dodging
 + Level 3.2 Unarmed Combat
 + Level 3.2 Shapeshifting


You had 2 spell levels left.
You didn't know any spells.
Your spell library was empty.

Inventory:

Armour
 a - a +0 animal skin (worn)
Jewellery
 e - a ring of magical power (left hand)
   (You found it on level 1 of the Dungeon)
Talismans
 c - a beast talisman (active)
 d - a flux talisman
Scrolls
 h - a scroll of teleportation
Potions
 f - 2 potions of attraction {unknown}
 g - a potion of curing {unknown}
 j - a potion of invisibility {unknown}

Dungeon Overview and Level Annotations

Branches:
Dungeon (2/15) Zot: 10975

#.##.#####.#†.#.##.#.#
#.##.#.....#..#.##.#.#
#.##.#.#####..#.##.#.#
.....#.#........##.#.#
.#.#...#.#########>#
.#[###.#.#.........#
.#...#)#<#.#.#.##..#
.###.#.#...........#####
.....#.#.#.###.#h†.......
...............r>..####.#
.......#.###.#.#......
..######.# # #.####?###
#. .. . .# #. ### ## .#
#. .# #. ##


You could see a quokka.


Message History

You are no longer poisoned.
The ball python bites you but does no damage.
The adder misses you. The ball python closely misses you.
The ball python grabs you. The ball python constricts you. The adder bites you.
* * * LOW HITPOINT WARNING * * *
😨 HP[-5]
You take 5 damage, and now have 13/27 hp.
You closely miss the adder. The adder bites you.
* * * LOW HITPOINT WARNING * * *
The ball python bites you but does no damage.
The ball python constricts you.
* * * LOW HITPOINT WARNING * * *
😨 HP[-2]
You take 2 damage, and now have 11/27 hp.
You punch the adder! The adder barely misses you. The ball python bites you.
* * * LOW HITPOINT WARNING * * *
The ball python constricts you.
* * * LOW HITPOINT WARNING * * *
Unknown command. 😨 HP[-3]
You take 3 damage, and now have 8/27 hp.
You completely miss the adder. The adder bites you but does no damage.
The ball python bites you.
* * * LOW HITPOINT WARNING * * *
The ball python constricts you.
* * * LOW HITPOINT WARNING * * *
😱 HP[-3]
You take 3 damage, and now have 5/27 hp.
Unknown command.
Your transformation has ended.
You turn into a tree.
Your +0 animal skin melds into your body.
Your roots penetrate the ground.
The adder bites you but does no damage.
The ball python bites you but does no damage.
The ball python constricts you. 😱 HP[+3]
You now have 40 max hp (+13).
You regained 3 hp, and now have 8/40 hp.
You smack the adder!
You kill the adder!
The ball python bites you but does no damage.
The ball python constricts you.
Unknown command.
You cannot move.
You barely miss the ball python. The ball python bites you.
* * * LOW HITPOINT WARNING * * *
The ball python constricts you. 😱 HP[-1]
You take 1 damage, and now have 7/40 hp.
You hit the ball python.
You kill the ball python! 😱 HP[+1]
You cannot move.
Unknown command.
You cannot move.
Your transformation is almost over.
Key pressed, stopping explore.
You feel less wooden.
Your +0 animal skin unmelds from your body.
You turn into a hulking beast. 😨 HP[+4]
You now have 27 max hp (-13).
You regained 4 hp, and now have 12/27 hp.
A quokka comes into view. 😨 HP[+1]
A quokka is nearby!
Unknown command.
A quokka is nearby!
Unknown command.
You see here a +0 mace.
You are too injured to fight recklessly!
You are too injured to fight recklessly!
You strike the helpless quokka from behind!
You hit the quokka. The quokka closely misses you.
You hit the quokka but do no damage. The quokka barely misses you. x2
You are too injured to fight recklessly!
Unknown command.
You barely miss the quokka. The quokka barely misses you.
You hit the quokka but do no damage. The quokka bites you.
* * * LOW HITPOINT WARNING * * *
😨 HP[-3]
You take 3 damage, and now have 10/27 hp.
Unknown command.
You hit the quokka. The quokka closely misses you.
You hit the quokka but do no damage. The quokka closely misses you.
You hit the quokka but do no damage. The quokka bites you.
* * * LOW HITPOINT WARNING * * *
Unknown command. 😱 HP[-4]
You take 4 damage, and now have 6/27 hp.
You closely miss the quokka. The quokka bites you.
* * * LOW HITPOINT WARNING * * *
A quokka is nearby! 😱 HP[-2]
You take 2 damage, and now have 4/27 hp.
You closely miss the quokka. The quokka misses you.
You closely miss the quokka. The quokka closely misses you.
The quokka bites you.
You die...

Skill      XL: |  1  2 |
---------------+-------+-----
Dodging        | 2 |  2.6
Unarmed Combat | 3 |  3.2
Shapeshifting  | 3 |  3.2
Fighting       | |  0.8

Action                     || total
---------------------------++-------
  Melee: Unarmed           ||   114
         Punch             ||     1
    Use: Scroll            ||     2
         Potion            ||     1
   Stab: Distracted        ||     1
         Sleeping          ||     1
 Armour: Animal skin       ||    84
         Skin              ||     7
  Dodge: Dodged            ||    89

Levels and vault maps discovered:
D:1:      dpeg_arrival_central, layout_rooms, serial_park_tiny_1,
          item_on_display_a
D:2:      layout_basic

Notes
Turn   | Place    | Note
-------+----------+-------------------------------------------
     0 | D:1      | ytrimaz the Demigod Shapeshifter began the quest for the
                  | Orb.
     0 | D:1      | Reached XP level 1. HP: 15/15 MP: 3/3
     0 | D:1      | magus.rc [v1.9.6]
    61 | D:1      | Reached skill level 2 in Dodging
   205 | D:1      | Reached XP level 2. HP: 20/22 MP: 4/4
   217 | D:1      | Reached skill level 3 in Unarmed Combat
   419 | D:1      | Reached skill level 3 in Shapeshifting
   496 | D:1      | HP: 2/22 [gnoll/+0 spear (8)]
   498 | D:1      | Reached XP level 3. HP: 3/27 MP: 5/5
   974 | D:2      | HP: 6/27 [ball python (2)]
  1028 | D:2      | HP: 6/27 [quokka (4)]
  1031 | D:2      | Slain by a quokka

Vanquished Creatures
  A gnoll (D:1)
  An adder (D:2)
  A dart slug (D:1)
  2 endoplasms (D:1)
  A giant cockroach (D:1)
  5 goblins (D:1)
  2 hobgoblins (D:1)
  4 quokkas
  3 ball pythons
  7 bats (D:1)
  2 frilled lizards
  2 kobolds
  2 rats (D:1)
33 creatures vanquished.

Table legend:
 A = Non-vault XP
 B = Vault XP
 C = Vault XP percentage of total XP
 D = Non-vault monster count
 E = Vault monster count
 F = Vault count percentage of total count
                 A         B        C        D         E       F
            +---------+---------+-------+---------+---------+-------
      Total |      79 |       0 |   0.0 |      33 |       0 |   0.0
            +---------+---------+-------+---------+---------+-------
        D:1 |      60 |       0 |   0.0 |      28 |       0 |   0.0
        D:2 |      19 |       0 |   0.0 |       5 |       0 |   0.0
            +---------+---------+-------+---------+---------+-------

Skill      XL: |  1  2 |
---------------+-------+-----
Dodging        | 2 |  2.6
Unarmed Combat | 3 |  3.2
Shapeshifting  | 3 |  3.2
Fighting       | |  0.8

Action                     || total
---------------------------++-------
  Melee: Unarmed           ||   114
         Punch             ||     1
    Use: Scroll            ||     2
         Potion            ||     1
   Stab: Distracted        ||     1
         Sleeping          ||     1
 Armour: Animal skin       ||    84
         Skin              ||     7
  Dodge: Dodged            ||    89

Illustrated notes

Table legend:
 A = Kills in this place as a percentage of kills in the entire game.
 B = Kills by you in this place as a percentage of kills by you in the entire game.
 C = Kills by friends in this place as a percentage of kills by friends in the entire game.
 D = Other kills in this place as a percentage of other kills in the entire game.
 E = Experience gained in this place as a percentage of experience gained in the entire game.
 F = Experience gained in this place divided by the number of levels of this place that you have seen.
                   A       B       C       D       E      F
               +-------+-------+-------+-------+-------+----------------------
         Total | 100.0 | 100.0 |   N/A |   N/A | 100.0 |  39.5
       Dungeon | 100.0 | 100.0 |   N/A |   N/A | 100.0 |  39.5
               +-------+-------+-------+-------+-------+----------------------

Table legend: (Time is in decaauts)
 A = Elapsed time spent in this place.
 B = Non-inter-level travel time spent in this place.
 C = Inter-level travel time spent in this place.
 D = Time resting spent in this place.
 E = Time spent auto-exploring this place.
 F = Levels seen in this place.
 G = Mean time per level.
                   A        B        C        D        E       F      G
               +--------+--------+--------+--------+--------+-----+--------+
         Total |   1023 |    997 |     26 |      0 |    748 |   2 |  511.5 |
       Dungeon |   1023 |    997 |     26 |      0 |    748 |   2 |  511.5 |
               +--------+--------+--------+--------+--------+-----+--------+

Top non-repeatable levels by time:
     D:1: 810 daAuts
     D:2: 212 daAuts
